 Dungeon Crawl Stone Soup version 0.31-a0-1388-g4b2ba238e7 (webtiles) character file.

Game seed: 3408203363772424468

394 MisterAzrael the Ruffian (level 6, -3/38 HPs)
             Began as an Octopode Shapeshifter on Dec 24, 2023.
             Was a Believer of Jiyva.
             Slain by a phantom (6 damage)
             ... on level 4 of the Dungeon.
             The game lasted 00:04:42 (2695 turns).

MisterAzrael the Ruffian (Octopode Shapeshifter)    Turns: 2695, Time: 00:04:42

Health: -3/38      AC:  1    Str: 15    XL:     6   Next: 82%
Magic:  6/6        EV: 13    Int: 10    God:    Jiyva [**....]
Gold:   180        SH:  0    Dex: 12    Spells: 5/5 levels left

rFire   + .          .
                       - Unarmed
rCold   x . .        (no shield)
rNeg    . . .        (helmet currently unavailable)
rPois   .            h - amulet of magic regeneration
rElec   .            k - ring of fire
rCorr   +            (no ring)
SInv    .            (no ring)
Will    .....        (no ring)
Stlth   ++           (no ring)
HPRegen 1.22/turn    (no ring)
MPRegen 0.98/turn    (no ring)
                     (no ring)

%: no passive effects
@: confused, beast-form, attractive
A: beast (slay +2), almost no armour, amphibious, 8 rings, camouflage 1,
gelatinous body 1, (nimble swimmer 1), tentacles, antennae 1, dopey 1, evolution
1
a: Begin Untransformation, Renounce Religion


You were on level 4 of the Dungeon.
You worshipped Jiyva.
Jiyva was pleased with you.
You were a hulking beast.
You visited 1 branch of the dungeon, and saw 4 of its levels.
You also visited: Sewer.

You collected 180 gold pieces.

Inventory:

Missiles
 l - 6 curare-tipped darts
Jewellery
 h - an amulet of magic regeneration (around mantle)
 k - a ring of fire (left tentacle)
Talismans
 b - a beast talisman
 c - a flux talisman
Scrolls
 a - a scroll of teleportation {unknown}
 e - 2 scrolls of identify {unknown}
 n - a scroll of amnesia {unknown}
 p - a scroll of fog {unknown}
 q - a scroll of enchant weapon {unknown}
 r - a scroll of revelation {unknown}
 s - a scroll of immolation {unknown}
 u - a scroll of poison {unknown}
Potions
 d - a potion of mutation
 f - a potion of attraction
 g - 2 potions of invisibility {unknown}
 i - a potion of heal wounds {unknown}
 j - a potion of curing {unknown}
 m - a potion of might {unknown}
 o - a potion of degeneration {unknown}
 t - a potion of enlightenment {unknown}


   Skills:
 - Level 1.0 Fighting
 + Level 2.5 Throwing
 - Level 2.0 Dodging
 + Level 5.3 Unarmed Combat
 * Level 4.9 Shapeshifting


You had 5 spell levels left.
You didn't know any spells.
Your spell library contained the following spells:

 Spells                   Type           Power      Damage    Failure   Level
 Vhi's Electric Charge    Tloc/Air       0%         N/A       98%         4
 Arcjolt                  Conj/Air       0%         1d10      100%        5
 Maxwell's Capacitive Co  Air            0%         ∞         100%        8


Dungeon Overview and Level Annotations

Branches:
Dungeon (4/15)              Sewer (visited)
 Temple: D:4-7

Altars:
Jiyva

Shops:
D:4 :?


Innate Abilities, Weirdness & Mutations

You are a hulking beast.
Your limbs bulge with bestial killing power. (Slay +2)
You cannot wear most types of armour.
You are amphibious.
You can wear up to eight rings at the same time.
Your skin changes colour to match your surroundings (Stealth+).
Your rubbery body absorbs attacks. (AC +1, EV +1)
((You are camouflaged when in or above water. (Stealth+)))
You have tentacles for arms and can constrict up to eight enemies at once.
You have a pair of small antennae on your head.
You are dopey. (Int -2)
You have hidden genetic potential.


Message History

You tentacle-slap the orc wizard.
The orc wizard is severely wounded.
You constrict the orc wizard, but do no damage.
You hear a distant slurping noise.
The phantom hits you.
The phantom blinks!
You blink.
You lose your grip on the orc wizard.
You tentacle-slap the orc wizard. Your grab misses the orc wizard.
The orc wizard is severely wounded.
The phantom closely misses you. The orc barely misses you.
The orc wizard misses you.
You closely miss the orc wizard. You grab the orc wizard.
The orc wizard is severely wounded.
You constrict the orc wizard, but do no damage.
You hear a slurping noise.
You hear a distant slurping noise.
The phantom barely misses you. The orc hits you but does no damage.
The orc wizard casts a spell at you.
You are confused.
You are too confused!
You bludgeon the phantom! Your squeeze misses the phantom.
The phantom is moderately damaged.
You constrict the orc wizard, but do no damage.
The phantom hits you!
The phantom blinks!
You blink.
You lose your grip on the orc wizard.
You bump into the stone wall.
The phantom completely misses you.
The orc priest calls down the wrath of Beogh upon you.
Beogh smites you!
* * * LOW HITPOINT WARNING * * *
The phantom attacks as it pursues you! The phantom closely misses you.
It was a potion of mutation.
You feel extremely strange.
You feel stupid.
You feel a hidden potential growing inside you.
A pair of antennae grows on your head! The phantom hits you!
* * * LOW HITPOINT WARNING * * *
It was a potion of attraction.
You feel attractive to monsters.
The orc priest hits you with a +0 hand axe.
* * * LOW HITPOINT WARNING * * *
The phantom hits you.
You die...

#....+........#.....
#....##..[....+....[
#....##...##..##..†.
#....##...##..##....
#.........#...##.<.. .
#o8..##...#...'.....
...###<####...+...#.....
....8.oW8..∩..######....
.......h......# #####
...##.8..###.## ..
#....# #....+ #....#
#....# #....# #....#


You could see a phantom, an orc priest and an orc.

Vanquished Creatures
  Sigmund (D:3)
  A bullfrog (Sewer)
  Jessica (D:3)
  An adder (Sewer)
  A gnoll (D:1)
  2 worms (D:3)
  2 dart slugs
  5 orcs (D:3)
  10 ball pythons
  An endoplasm (D:2)
  11 giant cockroaches
  7 goblins
  10 hobgoblins
  8 kobolds
  9 quokkas
  4 bats
  7 frilled lizards
  13 rats
94 creatures vanquished.

Vanquished Creatures (others)
  An adder (Sewer)
  3 ball pythons
  3 endoplasms (Sewer)
  3 giant cockroaches
  4 quokkas
  A bat (D:3)
  3 frilled lizards (Sewer)
  A kobold (D:3)
19 creatures vanquished.

Grand Total: 113 creatures vanquished

Notes
Turn   | Place    | Note
-------+----------+-------------------------------------------
     0 | D:1      | MisterAzrael the Octopode Shapeshifter began the quest for
                  | the Orb.
     0 | D:1      | Reached XP level 1. HP: 13/13 MP: 1/1
   113 | D:1      | Reached XP level 2. HP: 18/18 MP: 2/2
   379 | D:1      | Reached skill level 4 in Unarmed Combat
   389 | D:1      | Reached XP level 3. HP: 16/23 MP: 3/3
  1477 | D:2      | Reached XP level 4. HP: 28/28 MP: 4/4
  1675 | D:2      | Found a faded altar of an unknown god.
  1679 | D:2      | Prayed at the altar of an unknown god.
  1679 | D:2      | Became a worshipper of Jiyva Juge the Shapeless
  1679 | D:2      | Reached * piety under Jiyva
  1822 | D:3      | Noticed Jessica
  1835 | D:3      | Killed Jessica
  1899 | D:3      | Noticed Sigmund
  1921 | D:3      | Killed Sigmund
  1922 | D:3      | Reached skill level 5 in Unarmed Combat
  1922 | D:3      | Reached XP level 5. HP: 32/33 MP: 5/5
  1922 | D:3      | Reached XP level 6. HP: 38/38 MP: 6/6
  2113 | D:3      | Found a glowing drain.
  2126 | Sewer    | Entered a sewer
  2434 | D:3      | Reached ** piety under Jiyva
  2680 | D:4      | Found Afuoxuiw's Magic Scroll Shop.
  2686 | D:4      | Found Yxudaome's Book Emporium.
  2694 | D:4      | Gained mutation: You are dopey. (Int -2) [potion of
                  | mutation]
  2694 | D:4      | Gained mutation: You have hidden genetic potential. [potion
                  | of mutation]
  2694 | D:4      | Gained mutation: You have a pair of small antennae on your
                  | head. [potion of mutation]
  2695 | D:4      | Slain by a phantom

Illustrated notes

Levels and vault maps discovered:
D:1:      dpeg_arrival_refuge, layout_basic, minmay_tree_intersection,
          minmay_rat_gold_closets
D:2:      layout_rooms, shapermc_ecumenical_altar_mp_vishouse
D:3:      layout_rooms, portal_sewer_entry_f, uniq_sigmund, uniq_jessica
D:4:      layout_gridville, serial_shops, nicolae_shop_statue_plus, shop, shop,
          nicolae_shop_hallway_plus, shop, ebering_ghost_inner_flame

Skill      XL: |  1  2  3  4 |
---------------+-------------+-----
Unarmed Combat | 4 5 |  5.3
Throwing       | 2 |  2.5
Shapeshifting  | 4 |  4.9
Fighting       | |  1.0
Dodging        | |  2.0

Action                     |  1- 3 |  4- 6 || total
---------------------------+-------+-------++-------
  Melee: Unarmed           |    69 |   104 ||   173
         Constrict         |    20 |    23 ||    43
         Tentacles         |    12 |    11 ||    23
         Punch             |     1 |     6 ||     7
    Use: Potion            |       |     3 ||     3
   Stab: Sleeping          |    17 |     6 ||    23
 Armour: Skin              |    22 |    78 ||   100
  Dodge: Dodged            |    25 |    96 ||   121

Table legend: (Time is in decaauts)
 A = Elapsed time spent in this place.
 B = Non-inter-level travel time spent in this place.
 C = Inter-level travel time spent in this place.
 D = Time resting spent in this place.
 E = Time spent auto-exploring this place.
 F = Levels seen in this place.
 G = Mean time per level.
                   A        B        C        D        E       F      G
               +--------+--------+--------+--------+--------+-----+--------+
         Total |   2678 |   2576 |    102 |    188 |   1692 |   5 |  535.6 |
       Dungeon |   2424 |   2322 |    102 |    188 |   1675 |   4 |  606.0 |
         Sewer |    254 |    254 |      0 |      0 |     17 |   1 |  254.0 |
               +--------+--------+--------+--------+--------+-----+--------+

Top non-repeatable levels by time:
     D:1: 1130 daAuts
     D:2: 633 daAuts
     D:3: 586 daAuts
   Sewer: 254 daAuts
     D:4: 74 daAuts
